Map: Alcyone LE

Players

soO

  • Race: Zerg Zerg
  • Spawn Location: 7:00

ByuN - Winner!

  • Race: Terran Terran
  • Spawn Location: 1:00

Event: ESL Spring 2024 Finals

VOD

Have the link to the VOD?

Description

Time

  • Played on: May 31, 2024, 7:14 p.m.
  • Length: 14:18

All games in this series

Show
View Real Time Build Order
Export as new Build Order

soO Zerg 

Build Orders: Hatch First 

Get SALT Encoding   

  12  0:00  Drone  
  13  0:07  Drone  
  14  0:14  Drone, Extractor  
  15  0:36  Hatchery  
  15  0:41  Drone, Extractor  
  15  0:47  Overlord  
  15  1:02  Spawning Pool  
  14  1:05  Drone  
  14  1:08  Drone  
  16  1:12  Drone  
  16  1:18  Drone  
  18  1:27  Drone, Extractor  
  18  1:45  Drone  
  19  1:49  Zergling x2, Queen x2  
  19  1:52  Drone  
  25  2:01  Drone, Overlord  
  26  2:12  Drone x2  
  28  2:23  Drone x2  
  28  2:24  Spore Crawler  
  28  2:27  Spore Crawler  
  28  2:31  Queen  
  31  2:37  Overlord  
  31  2:40  Queen  
  33  2:44  Drone  
  33  2:48  Drone x2  
  35  2:56  Overlord  
  35  2:57  Drone  
  36  3:04  Drone x2  
  38  3:07  Drone x2  
  38  3:08  Drone  
  38  3:10  Spore Crawler  
  40  3:21  Lair  
  40  3:23  Drone x2  
  40  3:25  Drone  
  43  3:32  Drone  
  44  3:35  Roach Warren, Drone  
  44  3:39  Drone  
  45  3:43  Spore Crawler  
  45  3:44  Drone x3  
  47  3:50  Drone  
  47  3:51  Overlord  
  47  3:52  Extractor  
  47  3:57  Drone x3  
  50  4:04  Overlord  
  50  4:11  Drone  
  50  4:15  Extractor  
  50  4:16  Hatchery  
  49  4:18  Glial Reconstitution  
  49  4:27  Drone x3  
  49  4:30  Extractor  
  51  4:32  Roach x4  
  51  4:33  Roach  
  61  4:40  Overlord  
  61  4:43  Overlord  
  61  4:48  Overlord  
  61  4:52  Overlord  
  61  4:54  Roach  
  61  4:59  Roach  
  67  5:00  Roach  
  67  5:02  Hatchery  
  67  5:04  Roach  
  67  5:06  Overseer  
  68  5:10  Roach x2  
  68  5:12  Drone  
  68  5:13  Drone  
  74  5:17  Roach  
  74  5:21  Roach  
  78  5:28  Roach x2  
  82  5:32  Ravager x3  
  82  5:33  Ravager  
  82  5:34  Roach x2  
  90  5:36  Drone x2  
  90  5:41  Overlord  
  92  5:44  Overlord  
  92  5:50  Overlord  
  92  5:53  Overlord  
  92  5:57  Pneumatized Carapace  
  92  6:02  Roach x2  
  96  6:09  Roach x2  
  96  6:10  Roach x2  
  104  6:20  Roach x5  
  114  6:31  Roach x4  
  122  6:36  Roach x3  
  128  6:44  Ravager x2  
  128  6:45  Overlord  
  130  6:47  Overlord  
  130  6:55  Overlord  
  128  7:05  Roach  
  128  7:06  Drone x2, Roach x3  
  128  7:07  Roach  
  138  7:09  Roach x2  
  138  7:13  Roach  
  119  7:16  Roach  
  119  7:20  Overlord, Roach  
  119  7:22  Roach  
  104  7:23  Roach x2  
  104  7:24  Roach  
  104  7:28  Roach x2  
  110  7:31  Roach  
  110  7:35  Roach x2  
  116  7:42  Roach  
  118  7:47  Queen  
  118  7:48  Ravager x3  
  123  7:52  Drone  
  123  7:53  Drone x2  
  126  7:59  Roach x2  
  126  8:04  Roach x5  
  140  8:10  Roach  
  140  8:11  Roach  
  144  8:22  Roach x5  
  154  8:27  Overlord x2  
  154  8:34  Evolution Chamber x2  
  152  8:45  Drone x5  
  152  8:48  Ravager x3  
  158  8:50  Drone x2  
  158  8:51  Drone  
  158  8:52  Drone  
  158  8:54  Overlord  
  164  8:59  Drone x3  
  164  9:01  Extractor  
  164  9:02  Zerg Ground Armor Level 1, Zerg Missile Weapons Level 1  
  166  9:03  Extractor  
  166  9:08  Drone  
  166  9:09  Drone x2  
  168  9:24  Hatchery  
  168  9:25  Overseer, Overlord  
  168  9:29  Roach x5  
  177  9:34  Overlord  
  177  9:45  Roach x7  
  182  9:51  Hatchery  
  179  9:53  Drone x3  
  179  9:56  Drone x2  
  184  10:02  Roach  
  184  10:04  Overlord  
  186  10:09  Queen  
  186  10:14  Overlord  
  186  10:22  Overlord x2  
  186  10:23  Hatchery  
  186  10:25  Ravager x2  
  186  10:27  Roach x3  
  193  10:36  Roach x3  
  193  10:39  Ravager  
  200  10:43  Overseer  
  200  10:47  Ravager x2  
  198  10:53  Roach  
  200  10:57  Zerg Ground Armor Level 2  
  190  11:04  Roach x3  
  190  11:07  Roach  
  190  11:08  Roach  
  190  11:11  Roach x8  
  155  11:13  Roach  
  155  11:14  Roach x4  
  137  11:21  Roach  
  135  11:25  Zerg Missile Weapons Level 2  
  135  11:29  Roach x5  
  137  11:34  Ravager x3  
  137  11:36  Drone x4  
  144  11:41  Ravager  
  144  11:47  Drone x2  
  147  11:51  Roach x4  
  147  11:52  Drone x3  
  158  11:56  Ravager x2  
  160  12:04  Roach x2  
  138  12:09  Roach x3  
  138  12:10  Roach x2  
  138  12:13  Roach  
  126  12:17  Roach  
  126  12:19  Roach x3  
  114  12:25  Roach x2  
  114  12:26  Roach  
  114  12:27  Roach x2  
  113  12:30  Roach  
  113  12:31  Ravager  
  113  12:34  Roach x4  
  113  12:35  Overlord  
  117  12:40  Ravager  
  117  12:44  Ravager  
  118  12:46  Zergling x12  
  118  12:49  Ravager  
  118  12:51  Zergling x8, Roach  
  127  12:57  Ravager  
  127  12:58  Zergling x2, Roach  
  135  13:02  Roach x2  
  135  13:14  Roach x3  
  138  13:22  Roach x3  
  138  13:23  Drone  
  145  13:30  Drone x4  
  145  13:32  Hatchery, Ravager x2  
  150  13:38  Queen  
  153  13:41  Drone x4  
  153  13:44  Ravager  
  157  13:49  Zergling x6, Roach x4  
Show
View Real Time Build Order
Export as new Build Order

ByuN Terran - Winner!

Build Orders:  

Get SALT Encoding   

  12  0:00  SCV  
  13  0:12  SCV  
  14  0:17  Supply Depot  
  14  0:24  SCV  
  15  0:40  Barracks  
  16  0:44  Refinery  
  16  0:53  Barracks  
  16  0:56  SCV  
  16  1:09  SCV  
  17  1:21  SCV  
  18  1:27  Reaper  
  18  1:28  Supply Depot  
  19  1:33  Orbital Command  
  19  1:43  Reaper  
  20  1:58  SCV  
  21  2:02  Reaper  
  22  2:10  SCV  
  22  2:15  Command Center  
  23  2:20  Reaper  
  24  2:23  Refinery  
  24  2:32  SCV  
  25  2:43  Marine  
  26  2:46  SCV  
  27  2:55  Factory  
  27  2:59  SCV  
  28  3:08  Command Center  
  28  3:11  SCV  
  29  3:15  Barracks Reactor  
  29  3:23  SCV  
  30  3:35  SCV  
  30  3:36  Orbital Command  
  30  3:40  Starport  
  31  3:43  Factory Tech Lab  
  31  3:48  SCV  
  32  3:55  Marine x2  
  34  3:57  Barracks Tech Lab  
  34  4:00  SCV  
  34  4:02  SCV  
  36  4:12  SCV, Marine  
  36  4:13  Marine  
  36  4:14  SCV  
  40  4:20  Marine, Stimpack  
  41  4:24  Banshee  
  41  4:28  Orbital Command  
  41  4:29  SCV  
  41  4:30  SCV, Marine  
  47  4:32  Marine  
  47  4:35  Factory Reactor  
  47  4:37  Marine  
  49  4:41  SCV  
  49  4:45  SCV  
  51  4:48  Marine  
  51  4:50  Supply Depot, Marine  
  51  4:51  Refinery  
  53  4:53  SCV  
  53  4:55  Marine  
  53  4:57  SCV x2  
  57  5:05  SCV, Bunker  
  57  5:06  Engineering Bay x2  
  58  5:09  SCV x2  
  60  5:16  Marine x3  
  60  5:17  SCV  
  64  5:24  SCV x2  
  64  5:25  Supply Depot  
  66  5:29  SCV  
  66  5:31  Medivac  
  69  5:37  SCV x2, Marine, Siege Tank, Medivac  
  77  5:44  Orbital Command  
  77  5:46  Marine x2  
  77  5:47  Terran Infantry Weapons Level 1, SCV  
  77  5:49  SCV  
  81  5:50  Terran Infantry Armor Level 1  
  81  5:56  Supply Depot  
  81  5:57  Refinery  
  81  5:58  Marine  
  82  6:04  Marine x2  
  82  6:07  SCV  
  85  6:15  Barracks  
  85  6:18  Siege Tank  
  90  6:19  Supply Depot  
  90  6:23  SCV  
  90  6:24  SCV x2  
  91  6:25  Marine x2  
  91  6:26  Starport Reactor  
  93  6:33  Combat Shield  
  93  6:40  SCV x3, Marine  
  93  6:42  Barracks  
  97  6:47  Barracks  
  97  6:48  Marine x2  
  97  6:53  SCV x2  
  101  6:58  Bunker  
  101  6:59  SCV  
  101  7:00  Marine  
  100  7:02  Marine  
  100  7:03  Marine  
  100  7:06  SCV  
  100  7:08  SCV, Marine x2  
  101  7:12  SCV  
  101  7:15  Siege Tank  
  87  7:18  SCV, Marine  
  87  7:20  SCV, Marine x2  
  73  7:24  SCV  
  73  7:29  Marine  
  75  7:30  SCV  
  77  7:38  Marine x4  
  77  7:39  Marauder  
  80  7:45  Orbital Command  
  80  7:46  Marine  
  80  7:47  Siege Tank  
  84  7:53  Supply Depot  
  84  7:55  Marine  
  84  7:58  Barracks Reactor  
  85  8:03  Supply Depot x2  
  85  8:04  Supply Depot  
  85  8:05  Orbital Command  
  85  8:11  Supply Depot  
  85  8:12  Supply Depot  
  85  8:13  Marine x5  
  85  8:17  SCV x2  
  95  8:20  Siege Tank, Armory  
  95  8:29  SCV x2  
  95  8:31  Marine x5, Medivac x2  
  106  8:35  Marine x2  
  103  8:48  Marine x2  
  103  8:49  Marine x3  
  103  8:53  Marine x2  
  103  8:54  Siege Tank  
  113  8:56  Supply Depot  
  113  9:03  SCV x2  
  113  9:06  Marine x4  
  113  9:07  Marine  
  113  9:08  Terran Infantry Armor Level 2, Terran Infantry Weapons Level 2  
  120  9:11  Marine x2  
  122  9:20  SCV x2  
  124  9:24  Marine x3  
  124  9:26  Siege Tank  
  124  9:27  Barracks Reactor  
  124  9:28  Barracks Reactor  
  124  9:29  Marine x2  
  133  9:32  SCV, Terran Vehicle Weapons Level 1  
  133  9:38  SCV, Barracks Reactor  
  134  9:40  Supply Depot  
  134  9:41  Supply Depot  
  134  9:42  Marine  
  134  9:44  SCV  
  134  9:45  Marine x2  
  135  9:46  Marine  
  135  9:47  Marine  
  136  9:58  Medivac  
  136  9:59  Medivac  
  140  10:00  Marine  
  140  10:03  Marine x3  
  140  10:04  Marine x3  
  145  10:16  Marine x2  
  145  10:17  Siege Tank  
  145  10:18  Marine  
  145  10:20  Marine  
  152  10:23  Supply Depot x2  
  152  10:29  Orbital Command  
  152  10:30  Marine x2  
  152  10:32  Marine x3  
  157  10:35  Marine  
  158  10:48  Marine x5  
  163  10:51  Marine  
  163  10:53  Siege Tank  
  163  10:54  SCV  
  163  11:05  Marine  
  163  11:09  Marine x3  
  141  11:12  Marine  
  141  11:13  Marine x2  
  127  11:19  Marine  
  127  11:20  Marine  
  127  11:23  Marine  
  127  11:25  Siege Tank  
  131  11:27  Marine x3  
  131  11:29  Terran Infantry Armor Level 3  
  131  11:31  Marine  
  134  11:34  Marine x2  
  134  11:37  Marine  
  137  11:42  Marine  
  137  11:44  Marine x2  
  140  11:47  Terran Vehicle Weapons Level 2  
  140  11:50  Marine  
  140  11:52  Marine  
  140  11:53  Marine x2  
  144  11:57  Siege Tank  
  144  11:59  Marine x2  
  144  12:00  Marine  
  150  12:04  Marine  
  150  12:07  Marine  
  150  12:08  Marine  
  144  12:10  Marine  
  144  12:11  Marine  
  128  12:18  Marine  
  128  12:20  Marine  
  123  12:23  Marine  
  123  12:24  Marine x2  
  123  12:25  Marine x2  
  123  12:28  Marine  
  123  12:29  Siege Tank, Marine  
  129  12:32  Command Center  
  129  12:33  Medivac  
  129  12:36  Marine, Medivac  
  134  12:38  Marine  
  134  12:40  Marine  
  134  12:41  Marine  
  134  12:42  Marine  
  138  12:46  Marine  
  138  12:47  Marine x3  
  142  12:59  Marine x2  
  142  13:01  Marine x2  
  146  13:09  Marine x2  
  145  13:18  Siege Tank  
  147  13:20  Medivac x2  
  147  13:26  Factory  
  151  13:31  Marine x2  
  151  13:32  Marine x6  
  151  13:33  Marine  
  160  13:49  Marine x3  
  160  13:50  Marine  
Tags
 
Add a new tag
Caveats
  • Supply blocks, unpowered buildings, or Contaminate may cause inaccurate times.
  • Supply counts are checked every 10 seconds.